 Dungeon Crawl Stone Soup version 0.14-a0-3424-g5348755 (webtiles) character file.

185 4tharraofdagon the Cudgeler (level 4, -3/42 HPs)
             Began as a Troll Gladiator on Mar 22, 2014.
             Was a Follower of Cheibriados.
             Slain by an orc wizard
             ... wielding a +0,+1 war axe of flaming
              (11 damage)
             ... on Level 3 of the Dungeon.
             The game lasted 00:04:24 (735 turns).

4tharraofdagon the Cudgeler (Troll Gladiator)        Turns: 735, Time: 00:04:25

HP  -3/42        AC  6     Str 27      XL: 4   Next: 71%
MP   2/2         EV 10     Int 12      God: Cheibriados [*.....]
Gold 68          SH  0     Dex 13      Spells:  0 memorised,  3 levels left

rFire  . . .     SeeInvis .     a - +1 flail
rCold  . . .     Clarity  .     b - +0 animal skin
rNeg   . . .     Conserve .     (shield restricted)
rPois  .         rCorr    .     c - +1 hat
rElec  .         rRot     .     (no cloak)
SustAb . .       Spirit   .     (gloves unavailable)
rMut   .         Warding  .     (boots unavailable)
Gourm  +         Stasis   .     (no amulet)
MR     .....                    (no ring)
                                (no ring)

@: brilliant, very slightly contaminated, very slow, not resistant to hostile
enchantments, unstealthy
A: unfitting armour, claws 3, blurry vision 1, fast metabolism 3, gourmand,
regeneration 2, saprovore 2, shaggy fur 1, tough skin 2
a: Bend Time, Renounce Religion


You were on level 3 of the Dungeon.
You worshipped Cheibriados.
Cheibriados was aware of your devotion.
You were very full.

You visited 1 branch of the dungeon, and saw 4 of its levels.

You collected 68 gold pieces.

Inventory:

Hand weapons
 a - a +1,+1 flail (weapon)
Missiles
 d - 2 throwing nets (quivered)
Armour
 b - a +0 animal skin (worn)
 c - a +1 hat (worn)
Comestibles
 f - 2 meat rations
 o - a cheese


   Skills:
 - Level 2.0 Fighting
 * Level 4.5 Maces & Flails
 - Level 1.7 Throwing
 - Level 2.4 Dodging
 + Level 1.0 Invocations


You had 3 spell levels left.
You didn't know any spells.

Dungeon Overview and Level Annotations

Branches:
Dungeon (4/15)
 Temple: D:4-7

Altars:
Cheibriados
Trog


Innate Abilities, Weirdness & Mutations

You are too large for most types of armour.
You have claws for hands.
Your metabolism is lightning-fast.
You like to eat raw meat.
You heal very quickly.
You can eat rotten meat.
You are covered in fur (AC +1).
You have very tough skin (AC +2).
Your vision is a little blurry.


Message History

The orc wizard points at you and mumbles some strange words.
The puff of frost hits you!
* * * LOW HITPOINT WARNING * * *
The orc wizard glows brightly for a moment.
Unknown command.
Unknown command.
Unknown command.
Unknown command.
Unknown command.
Unknown command.
The orc wizard's inner flame fades away.
The orc wizard's eyes start to glow.
You hear some strange, mumbled words.
The puff of flame misses you. Something hits you.
* * * LOW HITPOINT WARNING * * *
Something burns you.
* * * LOW HITPOINT WARNING * * *
You miss something. Something hits you!
You die...

##.#.# #.#
#....# #.#
#....# #.#
#.)..# #.#
##.#.# #.#
#o#.# #.#
#o#.####.#
#.#.o..o.#
#@#......#
#.#..o.......
#.#......####
#....#...#
#..........
#........##
#.........
#........
#.....


You could see an orc wizard and an orc.

Vanquished Creatures
  A giant frog (D:3)
  3 adders (D:2)
  An ooze (D:3)
  5 orcs
  2 bats (D:2)
  3 giant cockroaches (D:2)
  2 hobgoblins (D:3)
  A quokka (D:2)
  A ball python (D:3)
  2 giant newts (D:2)
  2 goblins
  2 kobolds
  A rat (D:2)
26 creatures vanquished.

Notes
Turn   | Place    | Note
--------------------------------------------------------------
     0 | D:1      | 4tharraofdagon, the Troll Gladiator, began the quest for the Orb.
     0 | D:1      | Reached XP level 1. HP: 19/19 MP: 1/1
    55 | D:2      | Found a snail-covered altar of Cheibriados.
    59 | D:2      | Became a worshipper of Cheibriados the Contemplative
   185 | D:2      | Gained mutation: Your muscles are strong. (Str +2) [potion of mutation]
   185 | D:2      | Lost mutation: Your muscles are strong. (Str +2) [potion of mutation]
   185 | D:2      | Gained mutation: Your vision is a little blurry. [potion of mutation]
   187 | D:2      | Reached skill level 3 in Maces & Flails
   187 | D:2      | Reached XP level 2. HP: 5/28 MP: 1/1
   260 | D:2      | Reached XP level 3. HP: 35/35 MP: 2/2
   362 | D:2      | Found a bloodstained altar of Trog.
   651 | D:3      | Noticed a giant frog
   662 | D:3      | Killed a giant frog
   662 | D:3      | Reached skill level 4 in Maces & Flails
   662 | D:3      | Reached skill level 1 in Invocations
   662 | D:3      | Reached XP level 4. HP: 33/42 MP: 2/2
   735 | D:3      | Slain by an orc wizard

Action                   |  1- 3 |  4- 6 || total
-------------------------+-------+-------++-------
Melee: Flail             |    66 |    13 ||    79
Throw: Throwing net      |     4 |       ||     4
  Use: Potion            |     1 |     3 ||     4
       Scroll            |       |     7 ||     7
